 Dungeon Crawl Stone Soup version 0.32-a0-986-ga09f62fbf4 (webtiles) character file.

Game seed: 14347159609786528135

53657 Bediveer the Basher (level 14, -1/129 (142) HPs)
             Began as a Naga Hunter on Apr 21, 2024.
             Was the Champion of Beogh.
             Killed by divine providence
             ... invoked by an orc priest
             ... led by Saint Roka
              (15 damage)
             ... on level 2 of the Orcish Mines.
             The game lasted 00:34:04 (14953 turns).

Bediveer the Basher (Naga Hunter)                  Turns: 14953, Time: 00:34:05

HP:   -1/129 (142)  AC: 35    Str: 25    XL:     14   Next: 69%
MP:   15/18         EV:  3    Int: 10    God:    Beogh [******]
Gold: 928           SH:  5    Dex: 17    Spells: 13/13 levels left

rFire   + + +        J - +10 mace of Qazlal {holy, +Blink rF+ Dex+2}
rCold   + . .        (no shield)
rNeg    . . .        n - +8 plate armour "Nastaqageza" {Regen+ Int+3}
rPois   +            U - +1 helmet
rElec   +            k - scarf {rC+ rF+}
rCorr   .            i - +2 pair of gloves
SInv    +            w - +0 barding
Will    +....        S - amulet of reflection Stlth
                     j - ring of protection from fire
HPRegen 1.21/turn    N - ring of protection from fire
MPRegen 0.16/turn

%: reflection
@: mighty, drained, very slow
A: walk on water, AC +4, large, see invisible, deformed body, poison resistance,
slowness 2, spit poison 1, naga tail 2, electricity resistance, strong 2
a: Spit Poison, Renounce Religion, Evoke Blink, Smiting, Recall Apostles, Blood
for Blood, Dismiss Berold, warrior, Dismiss Grimold, wizard, Dismiss Worak,
wizard


You were on level 2 of the Orcish Mines.
You worshipped Beogh.
Beogh was exalted by your worship.
You visited 3 branches of the dungeon, and saw 17 of its levels.
You also visited: Sewer, Ossuary and Bailey.

You collected 1212 gold pieces.
You spent 284 gold pieces at shops.

Inventory:

Hand Weapons
 a - a +0 shortbow
 J - the +10 mace of Qazlal (weapon) {holy, +Blink rF+ Dex+2}
   (You found it on level 6 of the Dungeon)

   Dex+2:     It affects your dexterity (+2).
   rF+:       It protects you from fire.
   +Blink:    It lets you blink.
 M - a +4 vampiric trident
Missiles
 b - 5 boomerangs
 A - 13 javelins
 F - 24 poisoned darts
 K - 4 throwing nets
 R - 3 curare-tipped darts (quivered)
Armour
 i - a +2 pair of gloves (worn)
 k - a scarf of resistance (worn)
 n - the +8 plate armour "Nastaqageza" (worn) {Regen+ Int+3}
   (You found it on level 2 of the Dungeon)

   Int+3:     It affects your intelligence (+3).
   Regen+:    It increases your rate of health regeneration.
 w - a +0 barding (worn)
 P - a +2 cloak of stealth
 U - a +1 helmet (worn)
Jewellery
 j - a ring of protection from fire (left hand)
 r - an amulet of magic regeneration
 v - a ring of protection from cold
 N - a ring of protection from fire (right hand)
 S - an amulet of reflection (around neck)
Wands
 c - a wand of digging (5)
 s - a wand of light (31)
 Q - a wand of charming (25)
 X - a wand of mindburst (11)
Scrolls
 g - 5 scrolls of blinking
 l - 2 scrolls of poison
 o - a scroll of amnesia
 t - a scroll of vulnerability
 y - 2 scrolls of brand weapon
 C - 2 scrolls of enchant weapon
 E - 6 scrolls of teleportation
 G - 10 scrolls of identify
 H - 3 scrolls of fog
 I - 2 scrolls of enchant armour
 T - 4 scrolls of revelation
 Y - a scroll of silence
Potions
 d - 5 potions of cancellation
 e - 9 potions of curing
 f - a potion of attraction
 h - 2 potions of might
 p - 6 potions of mutation
 q - 3 potions of magic
 x - 4 potions of brilliance
 z - 2 potions of resistance
 D - 2 potions of berserk rage
 L - 2 potions of invisibility
 O - a potion of haste
 V - a potion of ambrosia
 W - 2 potions of heal wounds
 Z - 3 potions of enlightenment


   Skills:
 + Level 13.7 Fighting
 - Level 2.4(9.3) Axes
 - Level 13.8(14.0) Maces & Flails
 - Level 4.3 Ranged Weapons
 - Level 3.0 Throwing
 + Level 12.5 Armour
 - Level 1.5 Dodging
 - Level 1.5 Stealth
 - Level 6.0 Invocations


You had 13 spell levels left.
You didn't know any spells.
Your spell library contained the following spells:

 Spells                   Type           Power      Damage    Failure   Level
 Summon Small Mammal      Summ           0%         N/A       97%         1
 Call Canine Familiar     Summ           0%         N/A       100%        3
 Cause Fear               Hex            0%         N/A       100%        4
 Leda's Liquefaction      Alch/Erth      0%         N/A       100%        4
 Summon Blazeheart Golem  Fire/Summ      0%         N/A       100%        4
 Fireball                 Conj/Fire      0%         3d3       100%        5
 Lee's Rapid Deconstruct  Erth           0%         3d4*      100%        5
 Permafrost Eruption      Ice/Erth       0%         2x4d1     100%        6
 Dragon's Call            Summ           0%         N/A       100%        9


Dungeon Overview and Level Annotations

Branches:
Dungeon (10/15)            Temple (0/1) D:6            Lair (5/5) D:10
 Shoals (0/4) Lair:2       Spider (0/4) Lair:2        Slime (0/5) Lair:4
    Orc (2/2) D:9           Sewer (visited)         Ossuary (visited)
 Bailey (visited)
    Elf: Orc:2

Altars:
Ashenzari
Cheibriados
Dithmenos
Elyvilon
Fedhas
Gozag
Hepliaklqana
Kikubaaqudgha
Makhleb
Nemelex Xobeh
Qazlal
Ru
Sif Muna
Yredelemnul
Zin
The Shining One
Jiyva

Shops:
D:4 ?   D:6 !   D:7 !

Annotations:
D:3 1 runed translucent door, Crazy Yiuf
Orc:2 Saint Roka


Innate Abilities, Weirdness & Mutations

You can walk on water.
Your facial features are unmistakably orcish.
Your serpentine skin is tough. (AC +4)
You have supernaturally acute eyesight. (SInv)
Armour fits poorly on your strangely shaped body.
Your system is resistant to poisons. (rPois)
You cover ground very slowly.
You can spit poison.
You can use your snake-like lower body to constrict enemies.
You are resistant to electric shocks. (rElec)
Your muscles are very strong. (Str +8, Int/Dex -2)


Message History

The ogre hits something with a +0 giant club!!
You swear to avenge Worak's death!
Saint Roka hits you with a +3 long sword of draining.
* * * LOW HITPOINT WARNING * * *
You feel drained.
You swap places.
You release your grip on Saint Roka.
Berold barely misses Saint Roka.
Saint Roka hits Berold with a +3 long sword of draining.
Saint Roka drains Berold.
Grimold gestures at Saint Roka while chanting.
The blast of sand hits Saint Roka.
The ogre misses Grimold.
You feel much better.
The orc priest no longer looks unusually strong.
Berold hits Saint Roka with a +4 halberd of venom.
Saint Roka looks as sick as possible!
Saint Roka calls down the wrath of Beogh upon you.
Beogh smites you!
* * * LOW HITPOINT WARNING * * *
You must be standing atop the corpse of a fallen apostle!
You swap places.
Berold closely misses Saint Roka.
The ogre misses something.
You block the orc priest's attack. Saint Roka hits you but does no damage.
You feel drained.
Berold hits Saint Roka from afar with a +4 halberd of venom.
Saint Roka looks as sick as possible!
Saint Roka invokes the aid of Beogh against you.
Beogh smites you!
* * * LOW HITPOINT WARNING * * *
The orc priest hits you but does no damage.
You feel drained.
Okay, then.
You swap places.
The ogre hits Grimold with a +0 giant club!!
Berold hits Saint Roka with a +4 halberd of venom!
Saint Roka looks as sick as possible!
Grimold casts a spell at Saint Roka.
The blast of sand hits Saint Roka.
The orc priest calls down the wrath of Beogh upon you.
Beogh smites you!
You die...
Beogh appreciates the orc priest's killing of a heretic priest.

....................
.#......................
.........#...............
...................#####..
#.........#.......## #.
#.......##.......# .
#......###..#....#
#.......#........#
#.#...o)@..##....#
#...$o#o....##.#..#
.#..Oo##..##.......
#.$...h.#### ......
#..#...... ......
#........... ...
............#
#.).#..#..#...# #.#.###
##.....


You could see Saint Roka (extremely poisoned, ally target, target of vengeance),
a warg (target of vengeance), an ogre (target of vengeance), an orc priest
(target of vengeance), the friendly Berold the orc apostle (very drained) and
the friendly Grimold the orc apostle.

Vanquished Creatures
  Josephine (Lair:3)
  2 vault guards (Bailey)
  3 hydras
  A catoblepas (Lair:1)
  Erica (D:8)
  Urug (D:10)
  4 death yaks
  Amaemon (Lair:2)
  4 skysharks
  Pikel (D:5)
  3 black mambas
  A merfolk siren (Lair:2)
  An elephant (Lair:5)
  2 molten gargoyles (Lair:5)
  An orange demon (Lair:2)
  3 cane toads
  A rime drake (Lair:3)
  7 komodo dragons
  A troll (D:9)
  A hellwing (Lair:4)
  6 blink frogs
  Prince Ribbit (Bailey)
  5 wraiths (Lair:3)
  A shadow (D:10)
  2 wyverns (Lair:5)
  11 yaks
  A warg (Orc:2)
  6 humans (Bailey)
  A basilisk (Lair:1)
  A steam dragon (D:8)
  Grum (D:8)
  Edmund (D:6)
  6 water moccasins
  3 hell hounds (Lair:5)
  4 orc warriors
  5 black bears
  Pargi (Sewer)
  An ogre (Orc:2)
  5 wolves
  A centaur (D:5)
  A phantom (D:6)
  2 kobold brigands (D:8)
  A weeping skull (Ossuary)
  2 lemures (D:5)
  19 bullfrogs
  3 scorpions
  A brain worm (Sewer)
  A burial acolyte (Ossuary)
  3 wights
  A human zombie (Ossuary)
  3 lava snakes (Lair:5)
  A centaur zombie (Ossuary)
  8 orc priests
  5 bombardier beetles
  2 gnoll boudas
  3 hounds
  2 jellies
  A bullfrog skeleton (D:7)
  An iron imp (D:5)
  2 iguanas
  8 orc wizards
  A sleepcap (D:4)
  Ijyb (D:3)
  Terence (D:3)
  A scorpion zombie (D:7)
  A killer bee zombie (D:7)
  5 mummies (Ossuary)
  15 gnolls
  A howler monkey skeleton (D:7)
  13 adders
  A river rat (D:4)
  3 shadow imps
  2 white imps
  An adder zombie (D:7)
  2 dart slugs (D:1)
  12 orcs
  5 endoplasms
  9 giant cockroaches
  8 goblins
  8 hobgoblins
  3 jackals (D:2)
  2 quokkas
  9 ball pythons
  4 bats
  5 frilled lizards
  4 gnoll zombies (Ossuary)
  2 jackal zombies (D:7)
  11 kobolds
  A kobold zombie (Ossuary)
  An orc zombie (Ossuary)
  11 rats
316 creatures vanquished.

Vanquished Creatures (collateral kills)
  A fire dragon (Lair:5)
  4 hydras (Lair:5)
  A boulder beetle (Lair:2)
  A catoblepas (Lair:4)
  A two-headed ogre (D:9)
  An orc high priest (Orc:1)
  7 death yaks
  Sonja (Lair:3)
  A fire crab (Lair:5)
  Maurice (D:8)
  5 elephants (Lair:5)
  3 black mambas
  6 cane toads
  Jeremiah (D:8)
  Maggie (D:10)
  5 komodo dragons
  A hornet (D:10)
  13 blink frogs
  5 wyverns
  16 yaks
  4 basilisks
  2 steam dragons (Lair:5)
  2 acid dragons (D:10)
  A hell hound (Lair:5)
  3 water moccasins
  2 sky beasts
  3 orc warriors
  4 wolves
  2 kobold brigands (D:9)
  3 scorpions
  4 bullfrogs
  A burial acolyte (D:7)
  4 wights
  2 lava snakes (Lair:5)
  2 orc priests
  2 scorpion zombies (D:7)
  An orc wizard (D:10)
  A killer bee zombie (D:7)
  2 gnolls (D:7)
  A howler monkey skeleton (D:7)
  3 orcs
  2 giant cockroaches (Lair:2)
  8 kobolds
  A butterfly (Lair:2)
  9 foxfires
144 creatures vanquished.

Vanquished Creatures (others)
  2 orc apostles
  A warg (Orc:1)
  An orc warrior (Orc:2)
  2 orc wizards
  6 orcs
  2 kobolds (D:8)
  188 foxfires
202 creatures vanquished.

Grand Total: 662 creatures vanquished

Notes
Turn   | Place    | Note
-------+----------+-------------------------------------------
     0 | D:1      | Bediveer the Naga Hunter began the quest for the Orb.
     0 | D:1      | Reached XP level 1. HP: 19/19 MP: 1/1
    66 | D:1      | Found a faded altar of an unknown god.
   187 | D:1      | Reached XP level 2. HP: 19/26 MP: 2/2
   988 | D:2      | Reached XP level 3. HP: 33/33 MP: 3/3
  1102 | D:2      | Identified the +8 plate armour "Nastaqageza" {Regen+ Int+3}
  1314 | D:2      | Found a snail-covered altar of Cheibriados.
  1357 | D:2      | Reached skill level 1 in Axes
  1357 | D:2      | Reached XP level 4. HP: 37/40 MP: 4/4
  1449 | D:2      | Reached skill level 1 in Armour
  1628 | D:3      | Noticed Ijyb
  1662 | D:3      | Killed Ijyb
  1702 | D:3      | Found a runed translucent door.
  1703 | D:3      | Noticed Crazy Yiuf
  1755 | D:3      | Reached XP level 5. HP: 46/46 MP: 5/5
  1830 | D:3      | Found a stormy altar of Qazlal.
  1930 | D:3      | Noticed Terence
  1948 | D:3      | Killed Terence
  1964 | D:3      | Found a shadowy altar of Dithmenos.
  1989 | D:3      | Found a broken altar of Ashenzari.
  2005 | D:3      | Became a worshipper of Beogh the Shepherd
  2352 | D:4      | Reached skill level 1 in Maces & Flails
  2413 | D:4      | Reached XP level 6. HP: 54/55 MP: 6/6
  2592 | D:4      | Found Yganoahu's Magic Scroll Emporium.
  2614 | D:4      | Reached XP level 7. HP: 52/61 MP: 7/7
  2712 | D:4      | Reached * piety under Beogh
  2723 | D:4      | Found a glowing drain.
  2736 | Sewer    | Entered a sewer
  2768 | Sewer    | Noticed Pargi
  2787 | Sewer    | Gained mutation: You have hidden genetic potential. [potion
                  | of mutation]
  2787 | Sewer    | Gained mutation: You are resistant to electric shocks.
                  | (rElec) [potion of mutation]
  2810 | Sewer    | Killed Pargi
  3156 | D:4      | Bought a scroll of blinking for 97 gold pieces
  3383 | D:5      | Entered Level 5 of the Dungeon
  3405 | D:5      | Noticed Pikel
  3464 | D:5      | Killed Pikel
  3465 | D:5      | Reached skill level 5 in Maces & Flails
  3465 | D:5      | Reached skill level 5 in Armour
  3465 | D:5      | Reached XP level 8. HP: 61/69 MP: 8/8
  3467 | D:5      | Gained mutation: Your muscles are strong. (Str +4, Int/Dex
                  | -1) [hidden potential]
  3756 | D:5      | Reached ** piety under Beogh
  4263 | D:5      | Found a shimmering blue altar of Sif Muna.
  4314 | D:5      | Reached XP level 9. HP: 72/78 MP: 9/9
  4460 | D:5      | Found a burning altar of Makhleb.
  4687 | D:6      | Found Zehask's Distillery.
  4690 | D:6      | Bought a potion of heal wounds for 70 gold pieces
  4836 | D:6      | Gained mutation: Your muscles are very strong. (Str +8,
                  | Int/Dex -2) [hidden potential]
  4836 | D:6      | Lost mutation: You have hidden genetic potential. [hidden
                  | potential expressed]
  4932 | D:6      | Reached skill level 5 in Fighting
  4995 | D:6      | Noticed Edmund
  5010 | D:6      | Killed Edmund
  5112 | D:6      | Reached skill level 1 in Throwing
  5224 | D:6      | Found a staircase to the Ecumenical Temple.
  5454 | D:6      | Identified the +10 mace of Qazlal {holy, +Blink rF+ Dex+2}
  6088 | D:7      | Found a sand-covered staircase.
  6098 | Ossuary  | Entered an ossuary
  6179 | Ossuary  | Reached *** piety under Beogh
  6293 | D:7      | Identified the +3 dagger "Ukuataaff" {flame, rElec Str+3}
  6293 | D:7      | Noticed Rocco
  6311 | D:7      | Anointed Rocco the wizard as your apostle
  6355 | D:7      | Found Ustalolass's Distillery.
  6415 | D:7      | Found a flagged portal.
  6427 | Bailey   | Entered a bailey
  6452 | Bailey   | Your ally Rocco died
  6482 | Bailey   | Reached XP level 10. HP: 27/91 MP: 10/10
  6653 | Bailey   | Noticed a vault guard
  6653 | Bailey   | Noticed Prince Ribbit
  6671 | Bailey   | Killed a vault guard
  6679 | Bailey   | Killed Prince Ribbit
  6745 | Bailey   | Noticed a vault guard
  6758 | Bailey   | Killed a vault guard
  6758 | Bailey   | Reached **** piety under Beogh
  6782 | Bailey   | Identified the +8 short sword "Grom" {drain, rN+ rCorr
                  | Dex+3}
  6865 | D:7      | Noticed Berold
  6894 | D:7      | Anointed Berold the warrior as your apostle
  6959 | D:7      | Bought a potion of might for 52 gold pieces
  6959 | D:7      | Bought a potion of berserk rage for 65 gold pieces
  7025 | D:7      | Found an ancient bone altar of Kikubaaqudgha.
  7450 | D:7      | Found a sparkling altar of Nemelex Xobeh.
  7587 | D:7      | Reached XP level 11. HP: 102/103 MP: 11/11
  7672 | D:8      | Noticed Jeremiah
  7687 | D:8      | Killed Jeremiah
  7729 | D:8      | Noticed Grum
  7737 | D:8      | Killed Grum
  7804 | D:8      | Found a white marble altar of Elyvilon.
  7804 | D:8      | Found a glowing silver altar of Zin.
  7807 | D:8      | Found a glowing golden altar of the Shining One.
  7855 | D:8      | Noticed Erica
  7862 | D:8      | Killed Erica
  7924 | D:8      | Reached skill level 10 in Maces & Flails
  7966 | D:8      | Noticed Maurice
  7981 | D:8      | Killed Maurice
  8111 | D:8      | Found a sacrificial altar of Ru.
  8116 | D:8      | Found a basalt altar of Yredelemnul.
  8159 | D:8      | Reached ***** piety under Beogh
  8232 | D:8      | Found an opulent altar of Gozag.
  8368 | D:9      | Found a staircase to the Orcish Mines.
  8431 | D:9      | Noticed Grimold
  8438 | D:9      | Anointed Grimold the wizard as your apostle
  8532 | D:9      | Found a snail-covered altar of Cheibriados.
  8837 | D:9      | Noticed a two-headed ogre
  8842 | D:9      | Killed a two-headed ogre
  8986 | D:10     | Entered Level 10 of the Dungeon
  8986 | D:10     | Found a staircase to the Lair.
  9014 | D:10     | Paralysed by a hornet for 3 turns
  9075 | D:10     | Found a hazy altar of Hepliaklqana.
  9100 | D:10     | Found a blossoming altar of Fedhas.
  9154 | D:10     | Noticed Urug
  9168 | D:10     | Killed Urug
  9479 | D:10     | Noticed Maggie
  9487 | D:10     | Killed Maggie
  9630 | Lair:1   | Entered Level 1 of the Lair of Beasts
  9630 | Lair:1   | Noticed a catoblepas
  9638 | Lair:1   | Killed a catoblepas
  9639 | Lair:1   | Reached skill level 1 in Invocations
  9938 | Lair:1   | Reached XP level 12. HP: 83/115 MP: 13/13
 10593 | Lair:2   | Noticed a five-headed hydra
 10598 | Lair:2   | Killed a seven-headed hydra
 10659 | Lair:2   | Reached skill level 10 in Fighting
 10828 | Lair:2   | Noticed a seven-headed hydra
 10834 | Lair:2   | Noticed Amaemon
 10838 | Lair:2   | Killed a seven-headed hydra
 10846 | Lair:2   | Killed Amaemon
 10889 | Lair:2   | Found a hole to the Spider Nest.
 10889 | Lair:2   | Noticed a boulder beetle
 10898 | Lair:2   | Reached skill level 5 in Invocations
 10903 | Lair:2   | Killed a boulder beetle
 10969 | Lair:2   | Gained mutation: You can use your snake-like lower body to
                  | constrict enemies. [Naga growth]
 10969 | Lair:2   | Reached XP level 13. HP: 111/124 MP: 16/16
 11349 | Lair:2   | Found a staircase to the Shoals.
 11360 | Lair:2   | Reached skill level 10 in Armour
 11711 | Lair:3   | Noticed Sonja
 11715 | Lair:3   | Killed Sonja
 11915 | Lair:3   | Noticed Josephine
 11923 | Lair:3   | Killed Josephine
 12563 | Lair:4   | Reached ****** piety under Beogh
 12632 | Lair:4   | Identified the +0 robe "Feoxisk" {Int+7}
 12647 | Lair:4   | Anointed Worak the wizard as your apostle
 12895 | Lair:4   | Found a viscous altar of Jiyva.
 12895 | Lair:4   | Found a staircase to the Slime Pits.
 13295 | Lair:5   | Entered Level 5 of the Lair of Beasts
 13361 | Lair:5   | Reached XP level 14. HP: 120/138 MP: 18/18
 13831 | Lair:5   | Identified the +1 robe of Twilight {rF+ rC+ Int+3}
 14270 | Lair:5   | Found a large runed translucent door.
 14271 | Lair:5   | Found a large runed translucent door.
 14787 | Orc:1    | Entered Level 1 of the Orcish Mines
 14896 | Orc:2    | Entered Level 2 of the Orcish Mines
 14930 | Orc:2    | Noticed Saint Roka
 14949 | Orc:2    | Your ally Worak died
 14953 | Orc:2    | Killed from afar by an orc priest

Illustrated notes

Levels and vault maps discovered:
D:1:      eino_arrival_cavern_b, layout_basic, shapermc_ecumenical_altar_venn,
          minmay_distorted
D:2:      layout_basic, basic_altar
D:3:      layout_rooms, evilmike_ruin_ashenzari, lemuel_coloured_pillars_altar,
          lemuel_crystal_altar, uniq_ijyb, uniq_crazy_yiuf_cottage, uniq_terence
D:4:      layout_basic, serial_shops, shop, portal_sewer_entry_e,
          minmay_fountain_box
D:5:      layout_basic, led_sif_book, demons_altar, uniq_pikel
D:6:      layout_layer_cave, temple_hall, nicolae_stop_n_shop_1, uniq_edmund
D:7:      layout_cave_pods, lemuel_zombie_altar_kikubaaqudgha,
          nemelex_spade_bored_becter, serial_shops, kennysheep_little_box,
          mainiacjoe_ossuary_entry_find_the_door, enter_bailey_7
D:8:      layout_cave_pools, good_gods_temple_1, mainiacjoe_overflow_chevrons,
          mainiacjoe_overflow_big_doors, nicolae_nh_ransacked_shop, uniq_grum,
          uniq_jeremiah, uniq_erica, uniq_maurice
D:9:      layout_irregular_city, mainiacjoe_overflow_boulevard, orc_0_dummy,
          nicolae_tricolors
D:10:     layout_small_grid, nzn_hepliaklqana_mist_gate, fedhas_ov_isle_minmay,
          lair_entry_dummy, uniq_maggie, uniq_urug
Lair:1:   layout_regular_city
Lair:2:   layout_cave_pods, mainiacjoe_shoals_entry_four_pools,
          nicolae_spider_entry_non_spiders, minivault_11, grunt_megastairs_1,
          lemuel_fruit_fields, uniq_amaemon
Lair:3:   layout_cave_pods, eino_small_chamber_without_monster, uniq_sonja,
          uniq_josephine
Lair:4:   layout_long_grid, dpeg_slime_entry_enclosed
Lair:5:   cheibrodos_lair_end_hotspot, layout_regular_city
Orc:1:    layout_caves, mines2_david
Orc:2:    grunt_orc_community_town_hall, layout_caves,
          grunt_orc_community_big_house_1, grunt_orc_community_big_house_2,
          grunt_orc_community_house_3, grunt_orc_community_house_1,
          grunt_orc_community_house_1, grunt_orc_community_house_1,
          grunt_orc_community_house_3, grunt_orc_community_house_3, basic_altar,
          nicolae_orc_lost_temple, uniq_snorg, uniq_saint_roka

Skill      XL: |  1  2  3  4  5  6  7  8  9 10 11 12 13 14 |
---------------+-------------------------------------------+-----
Ranged Weapons | 4 |  4.3
Axes           | 1 2 |  2.4
Armour         | 1 2 3 5 6 8 9 11 12 | 12.5
Maces & Flails | 1 3 5 6 7 9 11 13 | 13.8
Fighting       | 3 4 6 8 9 10 12 13 | 13.7
Throwing       | 2 3 |  3.0
Invocations    | 1 5 6 |  6.0
Dodging        | |  1.5
Stealth        | |  1.5

Action                     |  1- 3 |  4- 6 |  7- 9 | 10-12 | 13-15 || total
---------------------------+-------+-------+-------+-------+-------++-------
  Melee: Hand axe          |    24 |    62 |       |       |       ||    86
         Flail             |       |   109 |   241 |       |       ||   350
         War axe           |       |    25 |       |       |       ||    25
         Whip              |       |       |   186 |       |       ||   186
         Mace              |       |       |   102 |   351 |   291 ||   744
         Constrict         |       |       |       |       |    70 ||    70
   Fire: Shortbow          |    67 |       |    31 |       |     5 ||   103
  Throw: Dart              |       |       |     6 |    18 |       ||    24
         Javelin           |       |       |     7 |     1 |       ||     8
         Throwing net      |       |       |       |     1 |       ||     1
 Invoke: Convert to Beogh  |       |     1 |       |       |       ||     1
         Recruit Apostle   |       |       |     1 |     2 |     1 ||     4
         Recall Apostles   |       |       |       |     2 |     1 ||     3
         Dismiss Apostle   |       |       |       |       |     1 ||     1
         Smiting           |       |       |       |       |     1 ||     1
Ability: Spit Poison       |     1 |     2 |     5 |       |       ||     8
  Evoke: Wand              |       |       |       |     5 |       ||     5
    Use: Scroll            |     3 |     3 |     8 |     5 |     3 ||    22
         Potion            |       |     3 |     5 |     4 |     2 ||    14
   Stab: Invisible         |       |       |       |     6 |       ||     6
         Distracted        |       |       |       |     6 |    10 ||    16
 Armour: Leather armour    |    24 |       |       |       |       ||    24
         Plate armour      |    45 |   352 |   879 |   419 |   392 ||  2087
         Skin              |       |       |       |    19 |       ||    19
  Dodge: Dodged            |    16 |    17 |    50 |    60 |    51 ||   194
  Block: Other             |       |       |       |    30 |    61 ||    91

Table legend: (Time is in decaauts)
 A = Elapsed time spent in this place.
 B = Non-inter-level travel time spent in this place.
 C = Inter-level travel time spent in this place.
 D = Time resting spent in this place.
 E = Time spent auto-exploring this place.
 F = Levels seen in this place.
 G = Mean time per level.
                   A        B        C        D        E       F      G
               +--------+--------+--------+--------+--------+-----+--------+
         Total |  19511 |  17974 |   1537 |    270 |  14507 |  20 |  975.5 |
       Dungeon |  11724 |  10603 |   1121 |    114 |   8576 |  10 | 1172.4 |
          Lair |   6611 |   6211 |    400 |    100 |   5261 |   5 | 1322.2 |
  Orcish Mines |    204 |    189 |     15 |      0 |    140 |   2 |  102.0 |
         Sewer |    281 |    281 |      0 |      0 |    164 |   1 |  281.0 |
       Ossuary |    222 |    222 |      0 |      0 |    140 |   1 |  222.0 |
        Bailey |    466 |    466 |      0 |     56 |    224 |   1 |  466.0 |
               +--------+--------+--------+--------+--------+-----+--------+

Top non-repeatable levels by time:
     D:6: 1833 daAuts
  Lair:5: 1723 daAuts
     D:5: 1483 daAuts
     D:7: 1322 daAuts
     D:1: 1321 daAuts
     D:4: 1298 daAuts
  Lair:2: 1289 daAuts
  Lair:1: 1279 daAuts
  Lair:3: 1160 daAuts
  Lair:4: 1158 daAuts
     D:3: 1078 daAuts
     D:9: 906 daAuts
     D:8: 871 daAuts
    D:10: 862 daAuts
     D:2: 745 daAuts
